 Dungeon Crawl Stone Soup version 0.24.0-37-gcf1ca852f1 (webtiles) character file.

Game seed: 16854865191829300369, levelgen mode: deterministic

61 Descartes the Grasshopper (level 3, -5/16 HPs)
             Began as a Felid Warper on Nov 30, 2019.
             Killed from afar by Sigmund (11 damage)
             ... with a puff of flame
             ... on level 2 of the Dungeon.
             The game lasted 00:04:34 (2378 turns).

Descartes the Grasshopper (Felid Warper)            Turns: 2378, Time: 00:04:34

Health: -5/16      AC:  1    Str: 11    XL:     3   Next: 83%
Magic:  6/7        EV: 19    Int: 14    God:
Gold:   66         SH:  0    Dex: 15    Spells: 2/6 levels left
                                        Lives:  0   Deaths: 0

rFire    . . .     SeeInvis +     - Unarmed
rCold    . . .     Gourm    .   (shield unavailable)
rNeg     . . .     Faith    .   (armour unavailable)
rPois    .         Spirit   .   (helmet unavailable)
rElec    .         Reflect  .   (cloak unavailable)
rCorr    .         Harm     .   (gloves unavailable)
MR       .....                  (boots unavailable)
Stlth    +++.......             (no amulet)
HPRegen  0.05/turn              j - +3 ring of strength
MPRegen  0.10/turn              (no ring)

@: shrouded, quick
A: very small, no armour, no weapons or thrown items, stealth, claws 1, fangs 3,
see invisible, carnivore, speed 1, shaggy fur 1, slow metabolism 1, sharp paws
a: no special abilities


You were on level 2 of the Dungeon.
You were completely stuffed.

You visited 1 branch of the dungeon, and saw 2 of its levels.

You collected 66 gold pieces.

Inventory:

Missiles
 e - 43 stones
Jewellery
 j - a +3 ring of strength (left paw)
Scrolls
 b - a scroll of blinking
 d - a scroll of teleportation {unknown}
 h - 4 scrolls of identify {unknown}
 i - a scroll of immolation {unknown}
Potions
 f - 2 potions of magic {unknown}
 g - a potion of might {unknown}
 k - a potion of haste {unknown}
Comestibles
 c - 4 rations


   Skills:
 + Level 2.3 Fighting
 + Level 3.6 Dodging
 * Level 2.5 Stealth
 * Level 2.9 Unarmed Combat
 + Level 2.3 Spellcasting
 - Level 4.4 Translocations


You had 2 spell levels left.
You knew the following spells:

 Your Spells              Type           Power        Failure   Level  Hunger
a - Blink                 Tloc           N/A          6%          2    ###....
b - Shroud of Golubria    Chrm/Tloc      #.....       14%         2    ###....

Your spell library contained the following spells:

 Spells                   Type           Power        Failure   Level  Hunger
 Magic Dart               Conj           #...         22%         1    #......
 Call Imp                 Summ           #.......     34%         2    ###....
 Slow                     Hex            #.......     34%         2    ###....
 Gell's Gravitas          Tloc           ##........   12%         3    ###....
 Lesser Beckoning         Tloc           ##........   12%         3    ###....
 Teleport Other           Tloc           ##......     12%         3    ###....
 Passage of Golubria      Tloc           N/A          36%         4    #####..
 Conjure Flame            Conj/Fire      #.......     56%         3    ###....
 Mephitic Cloud           Conj/Pois/Air  #.......     56%         3    ###....


Dungeon Overview and Level Annotations

Branches:
Dungeon (2/15)

Altars:
Cheibriados

Annotations:
D:2 Sigmund


Innate Abilities, Weirdness & Mutations

You cannot wear armour.
You are incapable of wielding weapons or throwing items.
Your paws allow you to move quietly. (Stealth)
You have sharp claws.
You have razor-sharp teeth.
You have supernaturally acute eyesight. (SInv)
You are carnivorous and can eat meat at any time.
You cover ground quickly.
You are covered in fur. (AC +1)
You have a slow metabolism.
Your sharp claws are effective at attacking unaware monsters.


Message History

Sigmund is heavily wounded.
You closely miss Sigmund. Your bite misses Sigmund.
Sigmund is heavily wounded.
Sigmund misses you.
You scratch Sigmund but do no damage. Your bite misses Sigmund.
Sigmund is heavily wounded.
Sigmund completely misses you.
You scratch Sigmund.
Sigmund is heavily wounded.
You scratch Sigmund. Your bite misses Sigmund.
Sigmund is severely wounded.
Sigmund points at you and mumbles some strange words.
The puff of flame hits you!
Ouch! That really hurt!
You closely miss Sigmund.
Sigmund is severely wounded.
Sigmund gestures at you while chanting. The puff of flame hits you!
Ouch! That really hurt!
You die...

...................#####....
###..<......###### #....
......######### #....
###..##### #.... #.......
#.... .........#########
#.... .. .........†.....###
#.... @
.........#<###...####...#
.......@@†............###
..............#....####
.........#..#####....####
...............##........
........#....#......#####
.......####......##....##
....... ..............#
...... ##.###.........
........####..#


You could see Sigmund.

Vanquished Creatures
  2 adders (D:2)
  A leopard gecko (D:1)
  A ball python (D:2)
  3 bats
  7 giant cockroaches
  8 hobgoblins
  5 kobolds (D:1)
  5 frilled lizards
  2 goblins (D:1)
  4 rats (D:1)
38 creatures vanquished.

Notes
Turn   | Place    | Note
-------+----------+-------------------------------------------
     0 | D:1      | Descartes the Felid Warper began the quest for the Orb.
     0 | D:1      | Reached XP level 1. HP: 9/9 MP: 4/4
   121 | D:1      | Reached skill level 1 in Stealth
   276 | D:1      | Reached XP level 2. HP: 10/13 MP: 6/6
  1360 | D:1      | Reached XP level 3. HP: 16/16 MP: 7/7
  1525 | D:2      | Noticed Sigmund
  2079 | D:2      | Found a snail-covered altar of Cheibriados.
  2299 | D:1      | Learned a level 2 spell: Blink
  2302 | D:1      | Learned a level 2 spell: Shroud of Golubria
  2378 | D:2      | Killed from afar by Sigmund

Levels and vault maps discovered:
D:1:      matt_arrival_spirals, layout_loops_corners
D:2:      layout_rooms, grunt_dithmenos_smoke_and_mirrors,
          nicolae_overflow_crystal_walls, minmay_joined_circles, uniq_sigmund

Skill      XL: |  1  2  3 |
---------------+----------+-----
Stealth        | 1 2 |  2.5
Fighting       | |  2.3
Dodging        | |  3.6
Unarmed Combat | |  2.9
Spellcasting   | |  2.3
Translocations | |  4.4

Action                   || total
-------------------------++-------
Melee: Unarmed           ||   144
       Bite              ||    15
       Punch             ||     1
 Cast: Shroud of Golubri ||     2
 Stab: Sleeping          ||     7
       Distracted        ||     1
  Eat: Chunk             ||    10
Armor: Skin              ||     2
Dodge: Dodged            ||   131
